 Dungeon Crawl Stone Soup version 0.20.0-15-g7f486f2 (webtiles) character file.

5957 Kosschaser the Carver (level 10, -2/79 HPs)
             Began as a Demonspawn Fighter on June 17, 2017.
             Was an Elder of Okawaru.
             Slain by an orc warrior
             ... wielding a cursed -1 glaive
              (18 damage)
             ... on level 9 of the Dungeon on June 20, 2017.
             The game lasted 00:32:00 (11358 turns).

Kosschaser the Carver (Demonspawn Fighter)         Turns: 11358, Time: 00:32:00

Health: -2/79      AC: 11    Str: 16    XL:     10   Next: 54%
Magic:  11/11      EV:  9    Int: 11    God:    Okawaru [****..]
Gold:   480        SH: 10    Dex: 15    Spells: 9/9 levels left

rFire    + + .     SeeInvis .   J - +0 scimitar
rCold    x . .     Gourm    .   c - +0 shield
rNeg     . . .     Faith    .   b - +0 scale mail
rPois    .         Spirit   .   (no helmet)
rElec    .         Reflect  .   (no cloak)
rCorr    .         Harm     .   t - +0 pair of gloves
MR       .....                  (no boots)
Stlth    ..........             G - amulet of regeneration
Regen    0.7/turn               u - ring of flight
MPRegen  0.2/turn               B - ring of fire

@: no status effects
A: talons 2, molten scales 1, fire resistance 1
a: Heroism, Renounce Religion, Evoke Flight


You were on level 9 of the Dungeon.
You worshipped Okawaru.
Okawaru was greatly pleased with you.
You were not hungry.

You visited 2 branches of the dungeon, and saw 10 of its levels.

You collected 480 gold pieces.

Inventory:

Hand Weapons
 J - a +0 scimitar (weapon)
Armour
 b - a +0 scale mail (worn)
 c - a +0 shield (worn)
 t - a +0 pair of gloves (worn)
Jewellery
 u - a ring of flight (left hand)
 B - a ring of fire (right hand)
 G - an amulet of regeneration (around neck)
Wands
 a - a wand of iceblast (7/15)
 C - a wand of iceblast (10/15)
 E - a wand of flame (23/48)
Scrolls
 h - 2 scrolls of teleportation
 m - 3 scrolls of recharging {unknown}
 o - a scroll of enchant weapon {unknown}
 p - a scroll of magic mapping {unknown}
 r - a scroll of remove curse {unknown}
 s - 2 scrolls of identify {unknown}
 y - a scroll of noise {unknown}
 A - 2 scrolls of enchant armour {unknown}
 F - a scroll of random uselessness {unknown}
Potions
 d - 3 potions of might
 e - 2 potions of heal wounds
 i - 2 potions of berserk rage {unknown}
 j - 2 potions of invisibility
 k - 3 potions of curing
 l - a potion of haste {unknown}
 n - 5 potions of degeneration {unknown}
 q - 3 potions of lignification
 v - a potion of agility
 w - a potion of flight {unknown}
 x - a potion of cancellation {unknown}
 D - a potion of brilliance {unknown}
Comestibles
 f - 3 bread rations
 g - 3 fruits
 z - 3 royal jellies


   Skills:
 + Level 7.1 Fighting
 + Level 9.8 Long Blades
 + Level 6.9 Armour
 + Level 3.6 Dodging
 - Level 1.0 Stealth
 + Level 6.0 Shields
 + Level 1.3 Invocations


You had 9 spell levels left.
You didn't know any spells.

Dungeon Overview and Level Annotations

Branches:
Dungeon (9/15)             Temple (1/1) D:5            Lair (0/6) D:9
    Orc: D:9-12

Altars:
Ashenzari
Dithmenos
Elyvilon
Fedhas
Kikubaaqudgha
Makhleb
Nemelex Xobeh
Okawaru
Qazlal
Ru
Trog
Uskayaw
Vehumet
Yredelemnul
Zin
The Shining One

Shops:
D:7 }%


Innate Abilities, Weirdness & Mutations

You have razor-sharp toenails.
You are partially covered in molten scales. (AC +2)
Your flesh is heat resistant. (rF+)


Message History

The orc warrior is lightly wounded.
The orc warrior hits you with an enchanted glaive!
* * * LOW HITPOINT WARNING * * *
You closely miss the orc warrior. Your kick misses the orc warrior.
The orc warrior is lightly wounded.
You block the orc warrior's attack.
You barely miss the orc warrior.
The orc warrior is lightly wounded.
You hit the orc warrior.
The orc warrior is moderately wounded.
The orc warrior barely misses you.
You closely miss the orc warrior. Your kick misses the orc warrior.
The orc warrior is moderately wounded.
The orc warrior hits you with an enchanted glaive!!
* * * LOW HITPOINT WARNING * * *
You block the orc warrior's attack.
There is an open door here.
There is a stone staircase leading up here.
The orc warrior hits you from afar with an enchanted glaive!!
You die...

#.# #..##########.... #.#
#..#........#....
#.#####..#........#.[..
###........#........'....
#..........#..>.....#....
#..........#........#....
#..........#........#....
#.....######........#....
#.....#.@.o.........#####
###...#.................#
#...#..........#####..#
#...'..........# +..#
#...'..........# #..#
#####...#..........# #..#
#.......#######'##.#####..#
#................#........#
#........##+#'##.#######'##


You could see an orc warrior.

Vanquished Creatures
  2 two-headed ogres (D:8)
  Psyche (D:9)
  The ghost of Goboxel the Slasher, an amateur DsGl (D:5)
  A hippogriff (D:8)
  Prince Ribbit (D:6)
  5 yaks (D:9)
  A wyvern (D:8)
  Duvessa (D:5)
  A hell hound (D:9)
  A phantom (D:8)
  An ice beast (D:8)
  A black bear (D:8)
  5 ogres
  6 centaurs
  4 bullfrogs
  Blork the orc (D:4)
  2 scorpions
  Dowan (D:6)
  3 killer bees (D:7)
  A howler monkey (D:5)
  3 crimson imps
  2 orc priests
  A jelly (D:6)
  A centaur skeleton (D:6)
  4 hounds
  A gnoll shaman (D:6)
  4 orc wizards
  A bullfrog skeleton (D:4)
  Terence (D:2)
  Natasha (D:2)
  6 worker ants
  2 hound skeletons
  4 gnolls (D:6)
  8 adders
  A shadow imp (D:5)
  2 oozes
  2 adder skeletons
  3 dart slugs
  5 leopard geckos
  22 orcs
  7 giant cockroaches
  8 goblins
  9 hobgoblins
  15 jackals
  8 kobolds
  A quokka (D:7)
  A ball python (D:3)
  8 bats
  8 frilled lizards
  2 jackal zombies
  A quokka skeleton (D:7)
  10 rats
192 creatures vanquished.

Notes
Turn   | Place    | Note
-------+----------+-------------------------------------------
     0 | D:1      | Kosschaser the Demonspawn Fighter began the quest for the Orb.
     0 | D:1      | Reached XP level 1. HP: 18/18 MP: 1/1
   125 | D:1      | Gained mutation: Your flesh is heat resistant. (rF+) [demonic ancestry]
   125 | D:1      | Reached XP level 2. HP: 24/24 MP: 2/2
   347 | D:1      | Reached skill level 2 in Long Blades
   752 | D:2      | Reached XP level 3. HP: 28/29 MP: 3/3
   802 | D:2      | Found a faded altar of an unknown god.
  1600 | D:2      | Noticed Natasha
  1608 | D:2      | Killed Natasha
  1608 | D:2      | Reached XP level 4. HP: 14/35 MP: 4/4
  1785 | D:2      | Noticed Terence
  1796 | D:2      | Killed Terence
  1796 | D:2      | Reached skill level 1 in Dodging
  2202 | D:3      | Reached skill level 3 in Long Blades
  2367 | D:3      | Gained mutation: You have sharp toenails. [demonic ancestry]
  2367 | D:3      | Reached XP level 5. HP: 41/41 MP: 5/5
  2801 | D:4      | Noticed an ogre
  2883 | D:4      | HP: 2/42 [poisoned by a worker ant]
  3209 | D:4      | Found a basalt altar of Yredelemnul.
  3259 | D:4      | Found a stormy altar of Qazlal.
  3287 | D:4      | Reached XP level 6. HP: 23/48 MP: 6/6
  3674 | D:4      | Reached skill level 4 in Long Blades
  3892 | D:4      | Noticed Blork the orc
  4357 | D:4      | Killed Blork the orc
  4357 | D:4      | Gained mutation: You are partially covered in molten scales. (AC +2) [demonic ancestry]
  4357 | D:4      | Reached XP level 7. HP: 23/54 MP: 7/7
  4649 | D:5      | Entered Level 5 of the Dungeon
  4775 | D:5      | Noticed Goboxel's ghost (amateur DsGl)
  5066 | D:5      | Killed Goboxel's ghost
  5066 | D:5      | Reached skill level 5 in Long Blades
  5476 | D:5      | Found a glowing silver altar of Zin.
  5535 | D:5      | Gained mutation: You have razor-sharp toenails. [demonic ancestry]
  5535 | D:5      | Reached XP level 8. HP: 59/61 MP: 8/8
  5997 | D:5      | Found a shattered altar of Ashenzari.
  6077 | D:5      | Found a staircase to the Ecumenical Temple.
  6369 | D:6      | Noticed Prince Ribbit
  6389 | D:6      | Killed Prince Ribbit
  6389 | D:6      | Reached skill level 5 in Armour
  6457 | D:6      | Noticed Dowan
  6476 | Temple   | Entered the Ecumenical Temple
  6622 | Temple   | Became a worshipper of Warmaster Okawaru
  6653 | D:6      | Killed Dowan
  6653 | D:6      | Reached skill level 6 in Long Blades
  6754 | D:6      | Noticed Duvessa
  6799 | D:5      | Killed Duvessa
  6799 | D:5      | Reached skill level 5 in Fighting
  7372 | D:6      | Reached skill level 5 in Shields
  7646 | D:6      | Reached * piety under Okawaru
  7802 | D:6      | Found a radiant altar of Vehumet.
  7807 | D:6      | Found a glowing golden altar of the Shining One.
  8097 | D:7      | Found Zulayg's Gadget Shop.
  8216 | D:7      | Found Onkiottan's Food Shop.
  8278 | D:7      | Reached XP level 9. HP: 46/68 MP: 9/9
  8455 | D:7      | HP: 3/68 [centaur (4)]
  9011 | D:8      | Reached skill level 7 in Long Blades
  9768 | D:8      | Reached skill level 1 in Stealth
  9777 | D:8      | Reached ** piety under Okawaru
 10269 | D:8      | Noticed a two-headed ogre
 10434 | D:9      | Reached skill level 8 in Long Blades
 10519 | D:9      | Found a staircase to the Lair.
 10533 | D:9      | Reached *** piety under Okawaru
 10533 | D:9      | Reached XP level 10. HP: 60/77 MP: 10/10
 10536 | D:9      | Noticed Psyche
 10543 | D:9      | Killed Psyche
 10543 | D:9      | Reached skill level 1 in Invocations
 10787 | D:8      | Killed a two-headed ogre
 10787 | D:8      | Reached skill level 9 in Long Blades
 10989 | D:8      | Noticed a two-headed ogre
 10999 | D:8      | Killed a two-headed ogre
 10999 | D:8      | Reached **** piety under Okawaru
 11047 | D:8      | Found a sparkling altar of Nemelex Xobeh.
 11358 | D:9      | Slain by an orc warrior

Skill      XL: |  1  2  3  4  5  6  7  8  9 10 |
---------------+-------------------------------+-----
Long Blades    | 2 3 4 5 6 8 9 |  9.8
Shields        | 3 4 5 6 |  6.0
Armour         | 3 4 5 6 |  6.9
Dodging        | 1 2 3 |  3.6
Fighting       | 4 5 6 7 |  7.1
Stealth        | 1 |  1.0
Invocations    | 1 |  1.3

Action                   |  1- 3 |  4- 6 |  7- 9 | 10-12 || total
-------------------------+-------+-------+-------+-------++-------
Melee: Long sword        |   145 |   309 |   244 |       ||   698
       Kick              |       |    64 |   165 |    31 ||   260
       Scimitar          |       |       |   274 |    85 ||   359
Invok: Heroism           |       |       |     1 |     5 ||     6
  Use: Scroll            |       |       |     2 |       ||     2
       Potion            |       |       |     2 |       ||     2
  Eat: Chunk             |     2 |    10 |    16 |     2 ||    30
       Meat ration       |       |       |     1 |       ||     1
Armor: Scale mail        |    81 |   116 |   213 |    16 ||   426
Dodge: Dodged            |    51 |    87 |   191 |    25 ||   354
Block: Shield            |    84 |   142 |   250 |    28 ||   504
       Rpst.: Long sword |    22 |    16 |    34 |       ||    72
       Scimitar          |       |       |    24 |     4 ||    28
